 Dungeon Crawl Stone Soup version 0.29-a0-393-g47a863cc1b (webtiles) character file.

Game seed: 14566763784685339150

366 HendSelp the Cudgeller (level 6, -12/56 HPs)
             Began as a Naga Warper on May 10, 2022.
             Mangled by an ogre
             ... wielding a +0 giant club
              (16 damage)
             ... on level 4 of the Dungeon.
             The game lasted 00:04:55 (3666 turns).

HendSelp the Cudgeller (Naga Warper)                Turns: 3666, Time: 00:04:55

Health: -12/56     AC:  8    Str: 15    XL:     6   Next: 68%
Magic:  9/9        EV:  4    Int: 13    God:
Gold:   65         SH:  5    Dex: 11    Spells: 9/9 levels left

rFire   . . .      SeeInvis +   a - +1 mace
rCold   . . .      Faith    .   (no shield)
rNeg    . . .      Spirit   .   d - +0 chain mail
rPois   +          Reflect  +   l - +0 helmet
rElec   .          Harm     .   (no cloak)
rCorr   .          Rampage  .   e - +0 pair of gloves
Will    .....                   (no barding)
Stlth   ..........              k - amulet of reflection
HPRegen 0.18/turn               (no ring)
MPRegen 0.11/turn               (no ring)

@: short of breath, very slow
A: AC +2, large, see invisible, deformed body, poison resistance, slowness 2,
spit poison 1, naga tail 1
a: Spit Poison


You were on level 4 of the Dungeon.
You visited 1 branch of the dungeon, and saw 4 of its levels.

You collected 65 gold pieces.

Inventory:

Hand Weapons
 a - a +1 mace (weapon)
Armour
 d - a +0 chain mail (worn)
 e - a +0 pair of gloves (worn)
 l - a +0 helmet (worn)
Jewellery
 k - an amulet of reflection (around neck)
Wands
 b - a wand of iceblast (2)
Scrolls
 g - 3 scrolls of enchant weapon
 i - a scroll of teleportation
Potions
 h - 3 potions of curing


   Skills:
 + Level 3.5 Fighting
 + Level 5.3 Maces & Flails
 - Level 0.8 Throwing
 - Level 0.7 Armour
 - Level 1.5 Dodging
 + Level 2.2 Spellcasting
 + Level 4.1 Translocations


You had 9 spell levels left.
You didn't know any spells.
Your spell library contained the following spells:

 Spells                   Type           Power      Damage    Failure   Level
 Blink                    Tloc           24%        N/A       86%         2
 Gell's Gravitas          Tloc           12%        N/A       97%         3
 Lesser Beckoning         Tloc           12%        N/A       97%         3
 Teleport Other           Tloc           12%        N/A       97%         3
 Freeze                   Ice            4%         1d3       99%         1
 Manifold Assault         Tloc           12%        N/A       100%        5


Dungeon Overview and Level Annotations

Branches:
Dungeon (4/15)
 Temple: D:4-7

Altars:

Shops:
D:3 :


Innate Abilities, Weirdness & Mutations

Your serpentine skin is tough. (AC +2)
You have supernaturally acute eyesight. (SInv)
Armour fits poorly on your strangely shaped body.
Your system is resistant to poisons. (rPois)
You cover ground very slowly.
You can spit poison.
You have a snake-like lower body.


Message History

The jelly hits you but does no damage.
Unknown command.
You sock the jelly!
Your hands burn!
The jelly is almost dead.
The jelly hits you but does no damage.
You completely miss the jelly.
The jelly is almost dead.
You have got your breath back.
The jelly hits you.
You are splashed with acid!
You sock the jelly!
You kill the jelly!
Unknown command.
Aiming: Iceblast
Press: ? - help, Shift-Dir - straight line, f - ogre
Aim: an ogre, wielding a +0 giant club The mass of ice explodes!
The iceblast engulfs the ogre!
The ogre is heavily wounded.
You hear an angry hiss.
You hit the ogre.
The ogre is severely wounded.
The ogre hits you with a +0 giant club!!
Unknown command.
You feel much better.
Aiming: Spit Poison (1% risk of failure)
Press: ? - help, Q - select action, (/) - cycle Shift-Dir - straight line, f/p - ogre
Aim: an ogre, wielding a +0 giant club (severely wounded, 81% to hit)
The splash of poison hits the ogre!
The ogre is poisoned.
The ogre is almost dead.
The ogre hits you with a +0 giant club!!
You barely miss the ogre.
The ogre is almost dead.
An adder comes into view.
The ogre hits you with a +0 giant club!!
* * * LOW HITPOINT WARNING * * *
Unknown command.
You barely miss the ogre.
The ogre is almost dead.
The adder hisses angrily.
The ogre hits you with a +0 giant club!
You die...

#.............#
#.............#
#..S..........##
#..............
#............#
#............#
#............#
#....@....<#
#########O###.###
#.<.O.$... #.#
#.J....... #.#
#......... #.#
#^........ #.#
#......... #.#
#......... #.#
##########


You could see an ogre (poisoned) and an adder.

Vanquished Creatures
  Grinder (D:3)
  A jelly (D:4)
  Jessica (D:3)
  An orc wizard (D:3)
  3 adders
  A dart slug (D:3)
  A worm (D:2)
  4 orcs (D:3)
  2 ball pythons
  8 bats
  6 endoplasms
  3 giant cockroaches (D:1)
  8 hobgoblins
  3 jackals (D:1)
  2 kobolds
  4 quokkas
  6 frilled lizards
  4 goblins
  6 rats
65 creatures vanquished.

Vanquished Creatures (others)
  2 plants (D:1)
2 creatures vanquished.

Grand Total: 67 creatures vanquished

Notes
Turn   | Place    | Note
-------+----------+-------------------------------------------
     0 | D:1      | HendSelp the Naga Warper began the quest for the Orb.
     0 | D:1      | Reached XP level 1. HP: 19/19 MP: 3/3
   253 | D:1      | Reached XP level 2. HP: 19/26 MP: 5/5
   736 | D:1      | Found a faded altar of an unknown god.
   744 | D:1      | Got Plato's Disquisition on the Snowflakes
   846 | D:1      | Reached XP level 3. HP: 30/32 MP: 6/6
  2046 | D:2      | Reached XP level 4. HP: 38/40 MP: 7/7
  2080 | D:2      | You fall into a shaft and drop 1 floor!
  2142 | D:3      | Noticed Jessica
  2143 | D:3      | Killed Jessica
  2144 | D:3      | Reached skill level 3 in Maces & Flails
  2160 | D:3      | Reached XP level 5. HP: 11/46 MP: 8/8
  2445 | D:3      | Noticed Grinder
  2495 | D:3      | Paralysed by Grinder for 3 turns
  2516 | D:3      | Paralysed by Grinder for 3 turns
  2527 | D:3      | Paralysed by Grinder for 4 turns
  2537 | D:3      | Killed Grinder
  2538 | D:3      | Reached skill level 5 in Maces & Flails
  2538 | D:3      | Reached XP level 6. HP: 25/56 MP: 9/9
  3132 | D:3      | Found Juptuum's Book Emporium.
  3666 | D:4      | Mangled by an ogre

Illustrated notes

Levels and vault maps discovered:
D:1:      erik_arrival_cave_to_civilisation [erik_arrival_cave_to_hall],
          layout_basic, shapermc_ecumenical_altar_rom_forum,
          serial_corexii_hall, chequers_hall_statues_wall_a,
          corexii_hall_statues_s, chequers_arboretum
D:2:      layout_loops_ring, feat_on_display, uniq_terence
D:3:      layout_loops_corners, serial_shops, nicolae_shop_behind_doors,
          kennysheep_minor_cross, uniq_jessica, uniq_grinder
D:4:      layout_rooms, saegor_snake_ambush

Skill      XL: |  1  2  3  4  5 |
---------------+----------------+-----
Maces & Flails | 3 5 |  5.3
Translocations | 4 |  4.1
Fighting       | 3 |  3.5
Throwing       | |  0.8
Armour         | |  0.7
Dodging        | |  1.5
Spellcasting   | |  2.2

Action                   |  1- 3 |  4- 6 || total
-------------------------+-------+-------++-------
Melee: Mace              |    73 |    76 ||   149
       Punch             |     2 |       ||     2
Throw: Throwing net      |       |     3 ||     3
       Boomerang         |       |     8 ||     8
 Abil: Spit Poison       |    35 |    10 ||    45
Evoke: Wand              |       |     1 ||     1
  Use: Scroll            |     7 |     2 ||     9
       Potion            |       |     3 ||     3
Armor: Leather armour    |    16 |    12 ||    28
       Chain mail        |       |    10 ||    10
Dodge: Dodged            |    58 |    30 ||    88
Block: Other             |     7 |    15 ||    22

Table legend: (Time is in decaauts)
 A = Elapsed time spent in this place.
 B = Non-inter-level travel time spent in this place.
 C = Inter-level travel time spent in this place.
 D = Time resting spent in this place.
 E = Time spent auto-exploring this place.
 F = Levels seen in this place.
 G = Mean time per level.
                   A        B        C        D        E       F      G
               +--------+--------+--------+--------+--------+-----+--------+
         Total |   4540 |   4282 |    258 |      0 |   3712 |   4 | 1135.0 |
       Dungeon |   4540 |   4282 |    258 |      0 |   3712 |   4 | 1135.0 |
               +--------+--------+--------+--------+--------+-----+--------+

Top non-repeatable levels by time:
     D:3: 1990 daAuts
     D:1: 1925 daAuts
     D:2: 603 daAuts
     D:4: 21 daAuts
